Map: Heavy Artillery LE

Players

OtakuTerran - Winner!

  • Race: Terran Terran
  • League: Master
  • Spawn Location: 7:00

Shiro - Winner!

  • Race: Terran Terran
  • Spawn Location: 7:00

Cosmocraft

  • Race: Terran Terran
  • League: Master
  • Spawn Location: 1:00

Nimitz

  • Race: Protoss Protoss
  • League: Master
  • Spawn Location: 3:00

VOD

Have the link to the VOD?

Description

Time

  • Played on: May 2, 2020, 12:38 p.m.
  • Length: 8:54
Show
View Real Time Build Order
Export as new Build Order

OtakuTerran Terran - Winner!

Build Orders: Reaper Expand 

Get SALT Encoding   

  12  0:00  SCV  
  13  0:12  SCV  
  14  0:18  Supply Depot  
  14  0:25  SCV  
  15  0:39  SCV  
  15  0:42  Barracks  
  16  0:47  Refinery  
  16  0:51  SCV  
  17  1:04  SCV  
  18  1:16  SCV  
  19  1:30  Orbital Command  
  19  1:31  Reaper  
  20  1:38  Command Center  
  20  1:45  Supply Depot  
  20  1:55  SCV  
  21  2:02  Marine  
  21  2:03  Barracks  
  21  2:08  SCV  
  23  2:15  Factory  
  23  2:20  SCV  
  24  2:25  Refinery  
  24  2:27  Barracks Reactor  
  24  2:32  SCV  
  25  2:44  SCV  
  25  2:50  Barracks Tech Lab  
  25  2:52  Bunker  
  25  2:54  Orbital Command  
  25  2:56  SCV  
  26  3:04  Marine  
  26  3:05  Marine  
  28  3:08  Stimpack, SCV  
  28  3:09  Marine  
  30  3:20  SCV  
  30  3:21  SCV  
  30  3:22  Marine x2  
  34  3:27  Starport  
  34  3:29  Factory Reactor  
  34  3:31  Marine  
  34  3:32  SCV  
  36  3:36  SCV  
  36  3:40  Marine  
  36  3:41  Supply Depot  
  38  3:42  Marine  
  38  3:47  SCV  
  40  3:49  Marine  
  40  3:50  SCV  
  42  3:58  Supply Depot, Marine  
  42  3:59  SCV  
  42  4:00  Marine  
  42  4:02  SCV  
  46  4:06  Marine  
  46  4:09  Medivac x2  
  51  4:11  SCV  
  51  4:14  SCV  
  51  4:16  Marine  
  54  4:19  Supply Depot  
  54  4:20  Marine  
  54  4:23  Factory Tech Lab, SCV  
  56  4:24  Marine  
  56  4:26  SCV  
  58  4:33  Marine  
  58  4:35  SCV  
  58  4:37  Marine, Engineering Bay  
  61  4:39  SCV  
  61  4:40  Engineering Bay  
  61  4:42  Marine  
  63  4:50  SCV  
  63  4:51  Marine, SCV  
  66  4:54  Supply Depot  
  66  4:55  Marine  
  67  5:00  Marine  
  67  5:03  SCV x2  
  67  5:05  Terran Infantry Armor Level 1, Terran Infantry Weapons Level 1  
  70  5:12  Command Center  
  70  5:15  Marine x2  
  70  5:17  Supply Depot  
  70  5:18  Marine, SCV x2  
  75  5:24  Refinery  
  75  5:25  Refinery  
  75  5:26  Combat Shield  
  75  5:30  SCV x2  
  75  5:33  Marine  
  78  5:38  Siege Tank, Marine x2  
  83  5:42  Supply Depot  
  83  5:51  Marine  
  83  5:56  Marine x2  
  86  6:02  Barracks  
  86  6:04  Barracks, SCV  
  86  6:06  Barracks, Supply Depot  
  86  6:09  Marine  
  86  6:10  Siege Tank  
  86  6:11  Starport Reactor  
  91  6:12  SCV  
  91  6:14  Marine x2  
  94  6:19  Supply Depot  
  94  6:24  SCV  
  95  6:26  Orbital Command, Marine  
  95  6:28  Armory  
  95  6:31  Missile Turret, Marine x2, SCV  
  99  6:34  Missile Turret  
  99  6:36  SCV  
  100  6:43  Siege Tank  
  100  6:44  Marine  
  104  6:49  Medivac x2, Marine x2  
  104  6:51  Marine x2  
  104  6:52  Barracks Reactor  
  104  6:53  Barracks Reactor  
  108  7:10  SCV x2  
  108  7:12  Marine x4  
  114  7:22  SCV x2  
  116  7:25  Command Center  
  116  7:28  Orbital Command, Marine x3  
  116  7:29  Marine x2  
  121  7:30  Marine x2  
  121  7:31  Marine x2  
  125  7:54  Marine x3  
  125  7:55  Marine x2  
  125  7:56  Marine  
  125  7:57  Marine, SCV  
  125  7:58  Marine  
  125  7:59  Siege Tank, Marine  
  121  8:12  Marine x4  
  120  8:13  Marine x2  
  120  8:14  SCV  
  120  8:15  Marine, SCV x2  
  125  8:21  Supply Depot, Marine  
  125  8:22  Supply Depot  
  125  8:26  SCV  
  129  8:51  Refinery  
  129  8:52  Refinery  
Show
View Real Time Build Order
Export as new Build Order

Shiro Terran - Winner!

Build Orders: Reaper Expand 

Get SALT Encoding   

  12  0:00  SCV  
  13  0:13  SCV  
  14  0:18  Supply Depot  
  14  0:25  SCV  
  15  0:39  SCV  
  16  0:43  Barracks  
  16  0:46  Refinery  
  16  0:51  SCV  
  17  1:04  SCV  
  18  1:16  SCV  
  19  1:29  Orbital Command  
  19  1:31  Reaper  
  20  1:40  Command Center  
  20  1:47  Supply Depot  
  20  1:55  SCV  
  20  1:58  Refinery  
  21  2:03  Marine  
  21  2:07  SCV  
  23  2:13  Factory  
  23  2:19  SCV  
  24  2:24  Barracks Reactor  
  24  2:34  SCV  
  25  2:44  Bunker  
  25  2:46  SCV  
  26  2:58  Starport, Factory Tech Lab  
  27  3:01  SCV  
  27  3:03  Orbital Command  
  27  3:06  Marine x2  
  29  3:13  SCV  
  30  3:24  Cyclone  
  30  3:25  Marine x2, SCV  
  36  3:29  Supply Depot  
  36  3:30  SCV  
  36  3:36  Starport Tech Lab  
  36  3:37  SCV  
  36  3:39  Supply Depot  
  37  3:42  Marine  
  37  3:43  Marine, SCV  
  40  3:49  SCV  
  40  3:54  Raven  
  43  3:55  SCV  
  43  4:01  SCV  
  43  4:02  Refinery  
  45  4:05  Factory Tech Lab  
  45  4:08  SCV  
  45  4:09  Marine x2  
  48  4:13  SCV  
  49  4:18  Barracks x2  
  49  4:20  SCV  
  49  4:22  Engineering Bay  
  50  4:25  SCV  
  50  4:29  Siege Tank  
  54  4:32  SCV  
  54  4:37  SCV  
  56  4:44  SCV  
  57  4:47  Supply Depot  
  57  4:49  Supply Depot, SCV, Terran Infantry Weapons Level 1  
  57  4:50  Marine x2  
  60  4:56  SCV  
  61  5:01  Starport Reactor  
  61  5:02  SCV  
  62  5:09  Stimpack, Siege Tank  
  62  5:10  SCV  
  66  5:16  Marine x2, Marauder x2  
  72  5:23  Supply Depot, Refinery  
  72  5:26  SCV  
  72  5:27  Supply Depot, SCV  
  74  5:32  Combat Shield  
  74  5:35  Marine x2  
  76  5:44  Siege Tank  
  76  5:47  Supply Depot, Marauder  
  76  5:49  Marauder  
  83  5:50  Supply Depot  
  83  5:56  Medivac  
  85  5:57  Marine x2  
  87  6:06  Medivac  
  87  6:11  Supply Depot  
  89  6:12  Marauder x2  
  89  6:14  Supply Depot  
  89  6:15  Marine x2  
  95  6:20  Siege Tank  
  98  6:33  Marine x2  
  98  6:35  Supply Depot, Marauder  
  98  6:36  Marauder  
  98  6:37  Supply Depot, Medivac  
  106  6:40  Command Center  
  106  6:50  Marine  
  106  6:51  Marine  
  106  6:53  Missile Turret  
  108  6:54  Missile Turret  
  108  7:00  Marauder x2  
  112  7:08  Marine x2  
  112  7:09  Armory  
  112  7:11  Engineering Bay  
  112  7:15  Barracks  
  114  7:17  Barracks  
  114  7:21  Marine x2  
  116  7:29  SCV  
  118  7:30  SCV  
  118  7:31  Marine x2  
  118  7:34  Siege Tank  
  123  7:39  Marine x2  
  107  7:57  Marine x2  
  107  7:58  Marauder  
  101  8:04  Medivac x2  
  101  8:11  Barracks Reactor x2  
  99  8:15  Marine  
  99  8:17  Marine x2  
  99  8:19  Marine  
  82  8:33  Marine  
  83  8:34  Marine  
  83  8:35  Marine, SCV  
  83  8:36  Marine, SCV  
Show
View Real Time Build Order
Export as new Build Order

Cosmocraft Terran 

Build Orders: Mech 

Get SALT Encoding   

  12  0:00  SCV  
  13  0:13  SCV  
  14  0:20  Supply Depot  
  14  0:25  SCV  
  15  0:33  Refinery  
  15  0:41  SCV  
  16  0:46  Barracks  
  16  0:53  SCV  
  17  1:06  SCV  
  18  1:19  SCV  
  19  1:32  Orbital Command  
  19  1:33  Barracks Tech Lab  
  19  1:45  Command Center  
  19  1:52  Marauder  
  21  1:58  SCV  
  22  2:03  Supply Depot  
  22  2:10  SCV  
  23  2:19  Refinery  
  23  2:25  SCV, Marauder  
  26  2:30  Factory  
  26  2:37  SCV  
  27  2:49  SCV  
  28  2:56  Orbital Command  
  28  3:01  SCV  
  29  3:16  SCV  
  33  3:20  Siege Tank  
  33  3:22  SCV  
  34  3:28  SCV  
  35  3:34  SCV  
  35  3:40  SCV  
  37  3:41  Barracks Reactor  
  37  3:42  Starport  
  37  3:46  SCV  
  38  3:52  Siege Tank, SCV  
  42  3:58  SCV  
  43  4:04  SCV  
  44  4:10  SCV  
  44  4:11  Refinery x2  
  44  4:12  Supply Depot  
  44  4:16  SCV  
  46  4:27  Supply Depot  
  46  4:28  Supply Depot  
  46  4:34  Siege Tank, SCV x2  
  51  4:43  Viking  
  53  4:46  SCV  
  53  4:49  Viking, SCV  
  53  4:50  Supply Depot  
  53  4:51  Engineering Bay  
  57  4:59  SCV  
  58  5:00  Armory  
  58  5:01  Armory, SCV  
  59  5:11  SCV  
  59  5:13  Viking, SCV  
  63  5:17  Missile Turret  
  63  5:20  Missile Turret  
  63  5:21  Siege Tank  
  63  5:22  Viking  
  63  5:23  SCV  
  63  5:25  SCV  
  70  5:35  SCV  
  71  5:37  Supply Depot x2, SCV  
  71  5:38  Supply Depot  
  71  5:40  Supply Depot x2  
  72  5:47  Missile Turret, SCV  
  72  5:49  Missile Turret  
  73  5:54  SCV  
  74  5:57  Terran Vehicle Weapons Level 1, Terran Vehicle And Ship Armor Level 1  
  74  6:03  Missile Turret  
  74  6:07  Missile Turret, SCV x2  
  76  6:15  Siege Tank  
  76  6:18  Command Center  
  79  6:19  SCV  
  79  6:20  SCV  
  79  6:21  Sensor Tower  
  81  6:28  Viking, Missile Turret  
  81  6:30  Viking  
  85  6:50  Factory  
  85  6:53  Factory  
  85  6:58  Siege Tank  
  88  7:10  SCV x2  
  90  7:25  Viking x2  
  90  7:27  SCV x2  
  96  7:30  Siege Tank  
  96  7:31  Missile Turret  
  96  7:32  Missile Turret  
  96  7:33  Missile Turret  
  99  7:38  Factory Tech Lab x2  
  99  7:39  SCV  
  99  7:41  SCV  
  101  7:51  SCV  
  85  7:59  Siege Tank  
  85  8:00  Siege Tank  
  85  8:02  Siege Tank  
Show
View Real Time Build Order
Export as new Build Order

Nimitz Protoss 

Build Orders: 1 Gate Expand 

Get SALT Encoding   

  12  0:01  Probe  
  13  0:13  Probe  
  14  0:18  Pylon  
  14  0:25  Probe (Chrono Boost)  
  15  0:37  Probe (Chrono Boost)  
  15  0:38  Gateway  
  16  0:45  Probe (Chrono Boost)  
  16  0:46  Assimilator  
  17  0:51  Probe  
  18  1:03  Probe  
  19  1:15  Probe  
  20  1:26  Nexus  
  20  1:36  Cybernetics Core  
  20  1:41  Probe  
  20  1:47  Pylon  
  21  1:53  Probe, Assimilator  
  22  2:05  Probe  
  23  2:09  Stalker (Chrono Boost)  
  23  2:13  Warp Gate  
  25  2:17  Probe  
  26  2:29  Probe  
  27  2:32  Robotics Facility  
  27  2:40  Probe (Chrono Boost)  
  27  2:42  Probe (Chrono Boost)  
  29  2:44  Stalker  
  31  2:52  Probe (Chrono Boost)  
  31  2:58  Gateway  
  32  3:00  Pylon  
  32  3:02  Probe x2 (Chrono Boost)  
  34  3:09  Probe (Chrono Boost)  
  34  3:10  Probe (Chrono Boost)  
  36  3:14  Sentry  
  39  3:21  Probe (Chrono Boost)  
  39  3:25  Probe (Chrono Boost)  
  40  3:35  Nexus  
  40  3:39  Pylon  
  40  3:43  Probe x2  
  40  3:47  Observer (Chrono Boost)  
  43  3:50  Stalker  
  43  3:52  Stalker  
  47  3:58  Probe, Twilight Council  
  47  4:00  Probe  
  47  4:02  Observer (Chrono Boost)  
  49  4:09  Pylon  
  50  4:10  Probe  
  50  4:12  Probe  
  52  4:22  Pylon  
  52  4:25  Pylon  
  52  4:26  Charge  
  52  4:29  Pylon, Immortal  
  57  4:32  Probe (Chrono Boost)  
  57  4:35  Probe (Chrono Boost)  
  58  4:45  Probe (Chrono Boost)  
  60  4:48  Probe (Chrono Boost)  
  60  4:52  Probe (Chrono Boost)  
  61  4:58  Probe (Chrono Boost)  
  63  5:00  Gateway, Zealot  
  63  5:01  Probe (Chrono Boost), Zealot  
  63  5:02  Probe (Chrono Boost)  
  68  5:14  Probe (Chrono Boost)  
  71  5:17  Probe x2 (Chrono Boost)  
  71  5:22  Immortal  
  71  5:25  Probe (Chrono Boost)  
  71  5:27  Gateway  
  78  5:29  Probe x2 (Chrono Boost), Gateway  
  78  5:32  Templar Archives  
  78  5:33  Assimilator  
  78  5:36  Pylon, Assimilator  
  78  5:38  Probe x3  
  78  5:42  Zealot  
  78  5:43  Zealot  
  82  5:52  Probe x3  
  85  6:04  Stalker x2, Probe  
  86  6:07  Zealot  
  86  6:08  Probe x2  
  94  6:16  Probe  
  95  6:20  Observer  
  96  6:29  Stalker  
  96  6:30  Zealot  
  100  6:33  Pylon  
  100  6:34  Probe  
  100  6:35  Pylon  
  100  6:37  Pylon  
  101  6:41  Pylon  
  101  6:43  Pylon  
  101  6:51  Probe x2  
  101  6:52  Warp Prism  
  95  7:10  Stalker x5  
  105  7:18  Nexus  
  105  7:22  Pylon  
  105  7:23  Pylon  
  105  7:25  Pylon  
  105  7:29  Assimilator  
  105  7:30  Assimilator  
  105  7:32  Probe x3  
  105  7:33  Psionic Storm  
  105  7:36  Gateway  
  108  7:37  Gateway  
  108  7:42  Forge  
  108  7:43  Forge  
  108  7:55  Zealot  
  108  7:56  Zealot x4  
  69  8:13  Immortal (Chrono Boost)  
  69  8:18  Gateway, Zealot  
  69  8:19  Zealot x4  
  83  8:21  Gateway  
  68  8:35  Zealot x2  
  68  8:39  Zealot x5  
Tags
 
Add a new tag
Caveats
  • Supply blocks, unpowered buildings, or Contaminate may cause inaccurate times.
  • Supply counts are checked every 10 seconds.